 Dungeon Crawl Stone Soup version 0.26-a0-649-gf8c6c3aab7 (webtiles) character file.

Game seed: 7429140385266720926

120 flotson the Covered (level 5, 0/43 HPs)
             Began as a Gnoll Wanderer on Sept 26, 2020.
             Succumbed to an adder's poison
             ... on level 2 of the Dungeon.
             The game lasted 00:03:24 (1048 turns).

flotson the Covered (Gnoll Wanderer)                Turns: 1048, Time: 00:03:25

Health: 0/43       AC:  6    Str: 13 (15) XL:     5   Next: 4%
Magic:  6/6        EV: 11    Int: 14      God:
Gold:   34         SH:  0    Dex: 15      Spells: 6/6 levels left

rFire    . . .     SeeInvis .   b - +2 shortbow
rCold    . . .     Faith    .   (shield currently unavailable)
rNeg     . . .     Spirit   .   c - +0 ring mail
rPois    +         Reflect  .   (no helmet)
rElec    .         Harm     .   (no cloak)
rCorr    .         Rampage  .   (no gloves)
MR       +....     Rnd*Tele +   (no boots)
Stlth    +++.......             (no amulet)
HPRegen  0.14/turn              g - ring of protection from magic
MPRegen  0.10/turn              (no ring)

@: lethally poisoned (0 -> -5)
A: distributed training, fangs 1, sense surroundings 1, poison resistance,
teleportitis 1, strong nose
a: no special abilities


You were on level 2 of the Dungeon.
You visited 1 branch of the dungeon, and saw 2 of its levels.

You collected 34 gold pieces.

Inventory:

Hand Weapons
 a - a +0 war axe
 b - a +2 shortbow (weapon)
Missiles
 m - 10 arrows (quivered)
Armour
 c - a +0 ring mail (worn)
Jewellery
 g - a ring of protection from magic (left hand)
Scrolls
 d - a scroll of enchant armour {unknown}
 e - a scroll of random uselessness {unknown}
 f - a scroll of teleportation
 i - a scroll of remove curse {unknown}
 j - a scroll of immolation {unknown}
 k - a scroll of enchant weapon {unknown}
 l - a scroll of identify {unknown}


   Skills:
 + Level 4.7 Fighting
 + Level 1.3 Short Blades
 + Level 1.3 Long Blades
 + Level 1.3 Axes
 + Level 1.3 Maces & Flails
 + Level 1.3 Polearms
 + Level 1.3 Staves
 + Level 1.3 Slings
 + Level 2.8 Bows
 + Level 1.3 Crossbows
 + Level 1.3 Throwing
 + Level 6.6 Armour
 + Level 1.3 Dodging
 + Level 6.1 Stealth
 + Level 2.8 Shields
 + Level 1.3 Unarmed Combat
 + Level 1.3 Spellcasting
 + Level 1.0 Conjurations
 + Level 1.0 Hexes
 + Level 1.0 Summonings
 + Level 1.0 Necromancy
 + Level 1.0 Translocations
 + Level 1.0 Transmutations
 + Level 1.0 Fire Magic
 + Level 1.0 Ice Magic
 + Level 1.0 Air Magic
 + Level 1.0 Earth Magic
 + Level 1.0 Poison Magic
 + Level 1.4 Invocations
 + Level 1.3 Evocations


You had 6 spell levels left.
You didn't know any spells.
Your spell library was empty.

Dungeon Overview and Level Annotations

Branches:
Dungeon (2/15)

Altars:


Innate Abilities, Weirdness & Mutations

Your experience applies equally to all skills.
You have very sharp teeth.
Your uncanny sense of smell can sniff out nearby items.
You passively map a small area around you.
Your system is resistant to poisons. (rPois)
You are occasionally teleported next to monsters.


Message History

You feel sick.
You aren't carrying any potions.
Okay, then.
* * * LOW HITPOINT WARNING * * *
You feel sick.
* * * LOW HITPOINT WARNING * * *
You feel sick.
* * * LOW HITPOINT WARNING * * *
You feel sick.
* * * LOW HITPOINT WARNING * * *
You feel sick.
* * * LOW HITPOINT WARNING * * *
You feel sick.
* * * LOW HITPOINT WARNING * * *
You feel sick.
* * * LOW HITPOINT WARNING * * *
You feel sick.
* * * LOW HITPOINT WARNING * * *
You feel sick.
You die...

###...#####.....#...#
..#.#######.....##..#
.†..............##)##
.#.†............##.#
....######......##.#
##..# ##..##.#####
#...#####....#.#
#............#.########
..#.............@.....#
###..........###....#.#
#..........# ####....#
#.....(....# * ####
#..........#
#..........#
############


There were no monsters in sight!

Vanquished Creatures
  A scorpion (D:2)
  An adder (D:2)
  An ooze (D:2)
  3 dart slugs (D:1)
  2 leopard geckos
  4 giant cockroaches
  8 goblins
  6 hobgoblins
  A quokka (D:2)
  4 bats
  A frilled lizard (D:2)
  9 kobolds
  4 rats
45 creatures vanquished.

Vanquished Creatures (others)
  2 withered plants (D:2)
2 creatures vanquished.

Grand Total: 47 creatures vanquished

Notes
Turn   | Place    | Note
-------+----------+-------------------------------------------
     0 | D:1      | flotson the Gnoll Wanderer began the quest for the Orb.
     0 | D:1      | flotson set off with the following items: a +2 shortbow, 21
                  | arrows, a +0 ring mail, a potion of curing, a +0 dagger
     0 | D:1      | Reached XP level 1. HP: 20/20 MP: 1/1
   219 | D:1      | Reached XP level 2. HP: 26/26 MP: 2/2
   377 | D:1      | Reached XP level 3. HP: 31/31 MP: 3/3
   629 | D:2      | Reached skill level 1 in Invocations
   635 | D:2      | Noticed a scorpion
   830 | D:2      | Killed a scorpion
   830 | D:2      | Reached skill level 1 in Short Blades
   830 | D:2      | Reached skill level 1 in Long Blades
   830 | D:2      | Reached skill level 1 in Axes
   830 | D:2      | Reached skill level 1 in Maces & Flails
   830 | D:2      | Reached skill level 1 in Polearms
   830 | D:2      | Reached skill level 1 in Staves
   830 | D:2      | Reached skill level 1 in Slings
   830 | D:2      | Reached skill level 1 in Crossbows
   830 | D:2      | Reached skill level 1 in Throwing
   830 | D:2      | Reached skill level 1 in Dodging
   830 | D:2      | Reached skill level 1 in Unarmed Combat
   830 | D:2      | Reached skill level 1 in Spellcasting
   830 | D:2      | Reached skill level 1 in Conjurations
   830 | D:2      | Reached skill level 1 in Hexes
   830 | D:2      | Reached skill level 1 in Summonings
   830 | D:2      | Reached skill level 1 in Necromancy
   830 | D:2      | Reached skill level 1 in Translocations
   830 | D:2      | Reached skill level 1 in Transmutations
   830 | D:2      | Reached skill level 1 in Fire Magic
   830 | D:2      | Reached skill level 1 in Ice Magic
   830 | D:2      | Reached skill level 1 in Air Magic
   830 | D:2      | Reached skill level 1 in Earth Magic
   830 | D:2      | Reached skill level 1 in Poison Magic
   830 | D:2      | Reached skill level 1 in Evocations
   830 | D:2      | Reached XP level 4. HP: 36/38 MP: 5/5
  1005 | D:2      | Reached XP level 5. HP: 43/43 MP: 6/6
  1037 | D:2      | Gained mutation: Your system is resistant to poisons.
                  | (rPois) [potion of mutation]
  1037 | D:2      | Gained mutation: You are occasionally teleported next to
                  | monsters. [potion of mutation]
  1037 | D:2      | Gained mutation: You passively map a small area around you.
                  | [potion of mutation]
  1043 | D:2      | HP: 2/43 [poisoned by an adder]
  1048 | D:2      | Succumbed to an adder's poison

Illustrated notes

Levels and vault maps discovered:
D:1:      onia_arrival_mini_maze, layout_rooms
D:2:      layout_rooms, kiku_gazebo_garden_becter, lexackson_kobold_supper

Skill      XL: |  1  2  3 |
---------------+----------+-----
Stealth        | 6 |  6.1
Invocations    | 1 |  1.4
Short Blades   | 1 |  1.3
Long Blades    | 1 |  1.3
Axes           | 1 |  1.3
Maces & Flails | 1 |  1.3
Polearms       | 1 |  1.3
Staves         | 1 |  1.3
Slings         | 1 |  1.3
Crossbows      | 1 |  1.3
Throwing       | 1 |  1.3
Dodging        | 1 |  1.3
Unarmed Combat | 1 |  1.3
Spellcasting   | 1 |  1.3
Conjurations   | 1 |  1.0
Hexes          | 1 |  1.0
Summonings     | 1 |  1.0
Necromancy     | 1 |  1.0
Translocations | 1 |  1.0
Transmutations | 1 |  1.0
Fire Magic     | 1 |  1.0
Ice Magic      | 1 |  1.0
Air Magic      | 1 |  1.0
Earth Magic    | 1 |  1.0
Poison Magic   | 1 |  1.0
Evocations     | 1 |  1.3
Fighting       | |  4.7
Bows           | |  2.8
Armour         | |  6.6
Shields        | |  2.8

Action                   |  1- 3 |  4- 6 || total
-------------------------+-------+-------++-------
Melee: War axe           |    13 |       ||    13
       Bite              |     1 |       ||     1
 Fire: Shortbow          |    73 |    36 ||   109
  Use: Potion            |     3 |     1 ||     4
       Scroll            |     1 |     1 ||     2
Armor: Ring mail         |    20 |    11 ||    31
Dodge: Dodged            |    31 |    10 ||    41

Table legend: (Time is in decaauts)
 A = Elapsed time spent in this place.
 B = Non-inter-level travel time spent in this place.
 C = Inter-level travel time spent in this place.
 D = Time resting spent in this place.
 E = Time spent auto-exploring this place.
 F = Levels seen in this place.
 G = Mean time per level.
                   A        B        C        D        E       F      G
               +--------+--------+--------+--------+--------+-----+--------+
         Total |   1070 |   1057 |     13 |      0 |    753 |   2 |  535.0 |
       Dungeon |   1070 |   1057 |     13 |      0 |    753 |   2 |  535.0 |
               +--------+--------+--------+--------+--------+-----+--------+

Top non-repeatable levels by time:
     D:1: 554 daAuts
     D:2: 515 daAuts
